 Dungeon Crawl Stone Soup version 0.21.1-1-g345015f (webtiles) character file.

2552 Fang the Cleaver (level 9, -14/84 HPs)
             Began as a Gargoyle Berserker on May 18, 2018.
             Was an Elder of Trog.
             Demolished by Golfball's ghost (25 damage)
             ... on level 7 of the Dungeon.
             The game lasted 00:10:23 (5289 turns).

Fang the Cleaver (Gargoyle Berserker)               Turns: 5289, Time: 00:10:24

Health: -14/84     AC: 11    Str: 29    XL:     9   Next: 56%
Magic:  9/9        EV: 17    Int:  8    God:    Trog [****..]
Gold:   341        SH:  0    Dex:  9    Spells: 8/8 levels left

rFire    + . .     SeeInvis .   a - +0 hand axe
rCold    . . .     Gourm    .   (no shield)
rNeg     + . .     Faith    .   s - +2 leather armour {rF+}
rPois    ∞         Spirit   .   (no helmet)
rElec    +         Reflect  .   (no cloak)
rCorr    .         Harm     .   (no gloves)
MR       .....                  (no boots)
Stlth    ..........             b - amulet of regeneration
HPRegen  0.64/turn              v - +3 ring of slaying
MPRegen  0.11/turn              i - +4 ring of evasion

@: berserking, very quick
A: negative energy resistance 1, electricity resistance, unbreathing,
petrification resistance, rot immunity, AC +6
a: Berserk, Trog's Hand, Brothers in Arms, Burn Spellbooks, Renounce Religion


You were on level 7 of the Dungeon.
You worshipped Trog.
Trog was greatly pleased with you.
You were not hungry.

You visited 1 branch of the dungeon, and saw 7 of its levels.
You also visited: Ossuary.

You collected 341 gold pieces.

Inventory:

Hand Weapons
 a - a +0 hand axe (weapon)
Armour
 s - a +2 leather armour of fire resistance (worn)
Jewellery
 b - an amulet of regeneration (around neck)
 i - a +4 ring of evasion (right hand)
 v - a +3 ring of slaying (left hand)
Scrolls
 d - 3 scrolls of remove curse
 j - 2 scrolls of teleportation
 m - 3 scrolls of fear
Potions
 e - a potion of flight
 g - a potion of mutation
 h - 2 potions of brilliance
 k - 4 potions of haste
 l - 2 potions of agility
 n - 7 potions of curing
 r - a potion of heal wounds
 t - 2 potions of might
 z - a potion of ambrosia
 A - a potion of resistance
 B - a potion of magic
 C - a potion of cancellation
Books
 o - a book of Minor Magic

   Spells                             Type                      Level
   a - Magic Dart                     Conjuration                  1
   b - Blink                          Translocation                2
   c - Call Imp                       Summoning                    2
   d - Slow                           Hexes                        2
   e - Conjure Flame                  Conjuration/Fire             3
   f - Mephitic Cloud                 Conjuration/Poison/Air       3
   Trog disapproves of the use of such an item.
 u - a book of Minor Magic

   Spells                             Type                      Level
   a - Magic Dart                     Conjuration                  1
   b - Blink                          Translocation                2
   c - Call Imp                       Summoning                    2
   d - Slow                           Hexes                        2
   e - Conjure Flame                  Conjuration/Fire             3
   f - Mephitic Cloud                 Conjuration/Poison/Air       3
   Trog disapproves of the use of such an item.
 x - a book of Flames

   Spells                             Type                      Level
   a - Flame Tongue                   Conjuration/Fire             1
   b - Throw Flame                    Conjuration/Fire             2
   c - Conjure Flame                  Conjuration/Fire             3
   d - Inner Flame                    Hexes/Fire                   3
   e - Sticky Flame                   Conjuration/Fire             4
   f - Fireball                       Conjuration/Fire             5
   Trog disapproves of the use of such an item.
Comestibles
 c - 3 rations


   Skills:
 + Level 6.3 Fighting
 + Level 8.8 Axes
 + Level 4.1 Armour
 + Level 5.2 Dodging
 + Level 2.7 Stealth


You had 8 spell levels left.
You didn't know any spells.

Dungeon Overview and Level Annotations

Branches:
Dungeon (7/15)             Temple (0/1) D:4

Altars:
Ashenzari
Dithmenos
Fedhas
Kikubaaqudgha
Makhleb
Uskayaw
Vehumet
Wu Jian
Xom

Shops:
D:5 =

Annotations:
D:7 Golfball's ghost, novice HOFi


Innate Abilities, Weirdness & Mutations

You are resistant to torment.
Your stone body is resilient. (AC +6)
You are immune to poison.
You resist negative energy. (rN+)
You are resistant to electric shocks. (rElec)
You can survive without breathing.
You are immune to petrification.
You are immune to rotting.


Message History

You are too injured to fight recklessly!
You are too injured to fight recklessly!
You are too injured to fight recklessly!
You are too injured to fight recklessly!
You are too injured to fight recklessly!
You are too injured to fight recklessly!
You are too injured to fight recklessly!
You are too injured to fight recklessly!
You are too injured to fight recklessly!
You hit Golfball's ghost.
Golfball's ghost is lightly damaged.
You closely miss Golfball's ghost.
Golfball's ghost is lightly damaged.
Golfball's ghost closely misses you.
You hit Golfball's ghost.
Golfball's ghost is lightly damaged.
You completely miss Golfball's ghost.
Golfball's ghost is lightly damaged.
Golfball's ghost hits you!!
You die...

#######=
........ ###
#########. #..
..# #... .%#
#.# #.## #.#
#.# #..#
...####.# #.#
##.. #.....W#
#.#######. #@#
#......##. #.#
#.####.##.
#.#######.#
#.##. #
#.........#
#.##. .#
#####.#####
#.##. .# #.#
#.##. .>#
#.########.##.
########.##
#..........##.
...<......#.#
##########.#


You could see Golfball's ghost.

Vanquished Creatures
  The ghost of Archous the Shield-Bearer, an amateur DDFi (D:3)
  An ice beast (D:5)
  A sky beast (D:6)
  4 phantoms
  3 centaurs
  An ogre (D:7)
  A bullfrog (D:6)
  2 howler monkeys (D:6)
  3 crimson imps
  6 bullfrog zombies (Ossuary)
  3 hounds
  A bullfrog skeleton (D:7)
  2 centaur zombies (Ossuary)
  6 orc wizards
  3 orc priests
  A centaur skeleton (D:5)
  Terence (D:2)
  3 worker ants
  4 killer bee zombies (Ossuary)
  2 hound zombies
  16 mummies
  A worker ant zombie (Ossuary)
  A howler monkey zombie (D:5)
  4 gnolls (D:6)
  A howler monkey skeleton (D:2)
  5 adders
  A shadow imp (D:7)
  An ooze (D:1)
  An adder zombie (Ossuary)
  An adder skeleton (D:6)
  4 dart slugs
  6 leopard geckos
  10 orcs
  A ball python (D:4)
  5 giant cockroaches
  7 goblins
  2 hobgoblins (D:1)
  7 jackals
  3 kobolds
  3 quokkas
  7 bats
  2 frilled lizards
  A giant cockroach zombie (Ossuary)
  A jackal zombie (Ossuary)
  A leopard gecko zombie (Ossuary)
  9 rats
  A withered plant (Ossuary)
151 creatures vanquished.

Vanquished Creatures (others)
  A fungus (D:6)
  A withered plant (Ossuary)
2 creatures vanquished.

Grand Total: 153 creatures vanquished

Notes
Turn   | Place    | Note
-------+----------+-------------------------------------------
     0 | D:1      | Fang the Gargoyle Berserker began the quest for the Orb.
     0 | D:1      | Reached XP level 1. HP: 14/14 MP: 1/1
   186 | D:1      | Reached XP level 2. HP: 19/19 MP: 2/2
   403 | D:1      | Reached skill level 3 in Axes
   620 | D:1      | Reached XP level 3. HP: 20/24 MP: 3/3
  1102 | D:2      | Reached ** piety under Trog
  1421 | D:2      | Reached XP level 4. HP: 29/29 MP: 4/4
  1500 | D:2      | Noticed Terence
  1515 | D:2      | Killed Terence
  1718 | D:3      | Reached skill level 4 in Axes
  1720 | D:3      | Reached XP level 5. HP: 33/33 MP: 5/5
  1898 | D:3      | Found an ornate altar of the Wu Jian Council.
  1941 | D:3      | Reached skill level 1 in Stealth
  2047 | D:3      | Noticed Archous's ghost (amateur DDFi)
  2062 | D:3      | Killed Archous's ghost
  2062 | D:3      | Reached XP level 6. HP: 33/39 MP: 6/6
  2143 | D:3      | Reached skill level 5 in Axes
  2437 | D:4      | Reached XP level 7. HP: 34/44 MP: 7/7
  2453 | D:4      | Found a staircase to the Ecumenical Temple.
  2825 | D:4      | Reached *** piety under Trog
  2825 | D:4      | Reached skill level 6 in Axes
  2950 | D:5      | Entered Level 5 of the Dungeon
  2951 | D:5      | Found Qap Keush's Jewellery Shoppe.
  3057 | D:5      | Reached skill level 5 in Fighting
  3158 | D:5      | Reached XP level 8. HP: 41/49 MP: 8/8
  3386 | D:5      | Found a shadowy altar of Dithmenos.
  3784 | D:6      | Found a shattered altar of Ashenzari.
  3792 | D:6      | Saw a vision of the Swamp and the Spider Nest.
  3792 | D:6      | Noticed a wolf spider
  3792 | D:6      | Noticed a redback
  3792 | D:6      | Noticed an alligator
  3792 | D:6      | Noticed an alligator
  3795 | D:6      | Noticed a redback
  3846 | D:6      | Reached skill level 7 in Axes
  3922 | D:6      | Found a burning altar of Makhleb.
  4049 | D:6      | Found an ancient bone altar of Kikubaaqudgha.
  4077 | D:6      | Found a shimmering altar of Xom.
  4080 | D:6      | Found a radiant altar of Vehumet.
  4259 | D:6      | Found a hide-covered altar of Uskayaw.
  4317 | D:6      | Reached **** piety under Trog
  4362 | D:6      | Found a blossoming altar of Fedhas.
  4495 | D:7      | Reached XP level 9. HP: 55/55 MP: 9/9
  4638 | D:7      | Found a sand-covered staircase.
  4650 | Ossuary  | Entered an ossuary
  4667 | Ossuary  | Reached skill level 8 in Axes
  4905 | Ossuary  | Reached skill level 5 in Dodging
  5248 | D:7      | Noticed Golfball's ghost (novice HOFi)
  5289 | D:7      | Demolished by Golfball's ghost

Skill      XL: |  1  2  3  4  5  6  7  8  9 |
---------------+----------------------------+-----
Axes           | 3 4 5 6 7 8 |  8.8
Fighting       | 4 5 6 |  6.3
Dodging        | 2 3 4 5 |  5.2
Stealth        | 1 2 |  2.7
Armour         | 3 4 |  4.1

Action                   |  1- 3 |  4- 6 |  7- 9 || total
-------------------------+-------+-------+-------++-------
Melee: Hand axe          |   118 |   101 |   652 ||   871
Invok: Berserk           |     1 |     2 |     5 ||     8
  Use: Scroll            |       |    10 |    12 ||    22
 Stab: Sleeping          |     1 |       |     4 ||     5
       Distracted        |       |       |     2 ||     2
  Eat: Chunk             |     2 |     4 |     3 ||     9
       Ration            |       |       |     4 ||     4
Armor: Animal skin       |    41 |    14 |       ||    55
       Leather armour    |       |    36 |   187 ||   223
Dodge: Dodged            |    89 |    85 |   505 ||   679
